cohdb
Replays
Latest Replays
All Replays
Popular Replays
Top Player Replays
Match Explorer
How It Works
Community
CoH3 Stats
Reddit
Sign in to upload your games and track your stats! →
Sign in with Steam
Match 44250222
Unlisted
Match 44250222
Overview
Messages
Build Orders
End
250 Light Carrier
Panzergrenadier Squad
Panzergrenadier Squad
Construct Light Support Kompanie
MG34 Team
2.5-tonne Medical Truck
Selects Italian Infantry
Assault Mechanized Group
Selects Guastatori Squad
Selects L6/40 Light Tank Combat Group
Fire Support Elements
Flakvierling Half-track
Vehicle Survival Package
Selects Defensive Operations
Pak 38 Anti-tank Gun Team
Construct Panzerarmee Kommand
Panzerjäger Mechanized Group
Selects Prepared Positions
Armored Reserves
Selects Towed Cannone da 105/28 Field Howitzer
Tiger Heavy Tank
Veteran Squad Leaders
Rapid Advance
Selects Obice 305mm Barrage
Towed Cannone da 105/28 Field Howitzer
Advanced Optics
Panzer IV Assault Group
Advanced Field Repairs
bigcheese
DooWop
BATPIMP
GhettoSQG
0
0
Comments
sign in to comment!
No comments posted yet!